 Dungeon Crawl Stone Soup version 0.22.1-2-g9c5b331383 (webtiles) character file.

44591 Peloso the Fencer (level 13, -3/119 HPs)
             Began as a Minotaur Fighter on Dec 31, 2018.
             Was the Champion of Okawaru.
             Slain by a merfolk impaler
             ... wielding a +0 morningstar of protection
              (17 damage)
             ... on level 14 of the Dungeon.
             The game lasted 00:44:51 (17315 turns).

Peloso the Fencer (Minotaur Fighter)               Turns: 17315, Time: 00:44:51

Health: -3/119     AC: 28    Str: 29    XL:     13   Next: 97%
Magic:  13/13      EV: 11    Int:  5    God:    Okawaru [******]
Gold:   1059       SH:  0    Dex: 18    Spells: 12/12 levels left

rFire    . . .     SeeInvis .   F - +5 triple sword (drain)
rCold    + . .     Gourm    .   (shield currently unavailable)
rNeg     . . .     Faith    .   C - +1 plate armour of Pelolahich {Dex+6}
rPois    +         Spirit   .   D - +1 hat
rElec    .         Reflect  .   I - +1 cloak {rPois}
rCorr    .         Harm     .   k - +1 pair of gloves
MR       .....                  (no boots)
Stlth    ..........             w - amulet of regeneration
HPRegen  0.69/turn              B - ring of protection from cold
MPRegen  0.13/turn              P - +5 ring of protection

@: mighty, lethally poisoned (-3 -> -10)
A: retaliatory headbutt, horns 2
a: Heroism, Finesse, Renounce Religion


You were on level 14 of the Dungeon.
You worshipped Okawaru.
Okawaru was exalted by your worship.
You were not hungry.

You visited 4 branches of the dungeon, and saw 18 of its levels.
You also visited: Labyrinth.

You collected 1059 gold pieces.

Inventory:

Hand Weapons
 a - a +2 scimitar of slicing
 b - the +4 great sword "Utemm" {drain, Str+2 Int+10 Dex-5}
   (You found it on level 14 of the Dungeon)

   A truly terrible weapon, it drains the life of those it strikes.
   It affects your strength (+2).
   It affects your intelligence (+10).
   It affects your dexterity (-5).
 o - a +3 falchion of freezing
 F - a +5 triple sword of draining (weapon)
Armour
 c - the +1 buckler "Kikuonki" {rElec Str-3 Int+6 Slay+2}
   (Okawaru gifted it to you on level 14 of the Dungeon)

   It affects your strength (-3).
   It affects your intelligence (+6).
   It affects your accuracy and damage with ranged weapons and melee attacks
   (+2).
   It insulates you from electricity.
 k - a +1 pair of gloves (worn)
 C - the +1 plate armour of Pelolahich (worn) {Dex+6}
   (Okawaru gifted it to you on level 12 of the Dungeon)

   It affects your dexterity (+6).
 D - a +1 hat (worn)
 I - a +1 cloak of poison resistance (worn)
Jewellery
 m - an uncursed ring of protection from magic
 w - an amulet of regeneration (around neck)
 y - an uncursed ring of positive energy {unknown}
 B - a ring of protection from cold (left hand)
 P - a +5 ring of protection (right hand)
 U - an uncursed ring of resist corrosion
Wands
 l - a wand of flame (15)
 n - a wand of disintegration (10)
 Q - a wand of digging (1)
Scrolls
 g - 11 scrolls of remove curse
 h - 3 scrolls of magic mapping
 i - 2 scrolls of fear {unknown}
 j - a scroll of enchant armour {unknown}
 p - a scroll of vulnerability {unknown}
 r - 3 scrolls of fog {unknown}
 s - 4 scrolls of identify
 t - 5 scrolls of random uselessness {unknown}
 u - 2 scrolls of immolation {unknown}
 z - 7 scrolls of teleportation {unknown}
 A - 2 scrolls of enchant weapon {unknown}
 N - a scroll of blinking {unknown}
Potions
 d - a potion of might
 e - a potion of berserk rage {unknown}
 q - 3 potions of resistance
 v - 4 potions of curing
 x - 2 potions of haste
 K - 5 potions of flight {unknown}
 L - a potion of agility
Comestibles
 f - 25 rations


   Skills:
 + Level 12.8 Fighting
 + Level 16.3 Long Blades
 + Level 12.9 Armour
 + Level 4.0 Dodging
 + Level 0.5 Stealth
 + Level 14.4 Shields
 + Level 2.1 Invocations
 + Level 1.5 Evocations


You had 12 spell levels left.
You didn't know any spells.
Your spell library contained the following spells:

 Spells                   Type           Power        Failure   Level  Hunger
 Animate Skeleton         Necr           N/A          98%         1    ##.....
 Apportation              Tloc           #.....       98%         1    ##.....
 Confusing Touch          Hex            #.....       98%         1    ##.....
 Magic Dart               Conj           #...         98%         1    ##.....
 Pain                     Necr           #...         98%         1    ##.....
 Shock                    Conj/Air       #...         98%         1    ##.....
 Summon Small Mammal      Summ           #...         98%         1    ##.....
 Poisonous Vapours        Pois/Air       #.....       99%         2    ###....
 Searing Ray              Conj           #.....       99%         2    ###....
 Sticks to Snakes         Tmut           #.......     99%         2    ###....
 Swiftness                Chrm/Air       #.......     99%         2    ###....
 Dazzling Spray           Conj/Hex       #.....       100%        3    ####...
 Regeneration             Chrm/Necr      #.........   100%        3    ####...
 Static Discharge         Conj/Air       #.......     100%        3    ####...
 Vampiric Draining        Necr           #.........   100%        3    ####...
 Airstrike                Air            #.........   100%        4    #####..
 Animate Dead             Necr           N/A          100%        4    #####..
 Force Lance              Conj/Tloc      #.......     100%        4    #####..
 Fulminant Prism          Conj/Hex       #.........   100%        4    #####..
 Iskenderun's Mystic Bla  Conj           #.......     100%        4    #####..
 Lightning Bolt           Conj/Air       #.........   100%        5    ######.
 Silence                  Hex/Air        #.........   100%        5    ######.
 Yara's Violent Unravell  Hex/Tmut       #.........   100%        5    ######.
 Freezing Cloud           Conj/Ice/Air   #.........   100%        6    #######


Dungeon Overview and Level Annotations

Branches:
Dungeon (14/15)            Temple (1/1) D:5            Lair (2/6) D:11
    Orc (1/2) D:12         Vaults (0/5) D:14
  Swamp: Lair:2-4    Shoals: Lair:2-4     Snake: Lair:2-4    Spider: Lair:2-4

Altars:
Ashenzari
Cheibriados
Dithmenos
Elyvilon
Fedhas
Gozag
Hepliaklqana
Kikubaaqudgha
Makhleb
Nemelex Xobeh
Okawaru
Qazlal
Ru
Sif Muna
Trog
Uskayaw
Vehumet
Wu Jian
Xom
Yredelemnul
Zin
The Shining One
Jiyva

Shops:
D:7 [   D:10 *   D:11 }   D:14 [

Annotations:
D:8 3 runed doors, DEFINITELYNOTMATTIAS's ghost, novice GrEE; Maurice


Innate Abilities, Weirdness & Mutations

You reflexively headbutt those who attack you in melee.
You have a pair of horns on your head.


Message History

The deep elf knight hits you but does no damage.
You feel very mighty all of a sudden.
You feel sick. The deep elf knight barely misses you.
The merfolk impaler hits you with a morningstar of protection!
* * * LOW HITPOINT WARNING * * *
You miss the merfolk impaler.
You feel sick.
The deep elf knight hits you but does no damage.
The merfolk impaler hits you with a morningstar of protection.
* * * LOW HITPOINT WARNING * * *
The deep elf knight hits you but does no damage.
The merfolk impaler closely misses you.
Unknown command.
You slice the merfolk impaler like a ripe choko!!!
Your headbutt misses the merfolk impaler.
The merfolk impaler is heavily wounded.
You feel sick.
The deep elf knight hits you but does no damage.
You are more poisoned.
The merfolk impaler hits you with a morningstar of protection!
You die...

).>.............###########...###
.................#...... #...#
####.............#.#.#.. #...#
#..#######....#.8.8.% #...# #..#
#....'....|# #...# #..#
#....'....)_ #...# #..#
#...Ne....[# #...# #..#
#..#m#.8.8.[ #...# #..#
#..#@#.#.#.. #...# #..#
#..#.#...... #...# #..#
#..######### #...# #..# #..# #..#
#...# #..# #..# #..# #...# #..#
#..# #..# #...# #..# #..# #..#
#...# #..# #.)# ##).####...###
#..#######.>#####(..)..((.....


You could see a naga warrior, a merfolk impaler and a deep elf knight.

Vanquished Creatures
  A minotaur (Lab)
  The ghost of bananovenc the Blocker, a journeyman GrFi of Okawaru (D:14)
  An ettin (D:12)
  4 vault guards (D:14)
  2 centaur warriors
  4 two-headed ogres
  A tengu warrior (D:14)
  3 death yaks (D:10)
  Sonja (D:10)
  5 skeletal warriors (D:13)
  An unseen horror (D:14)
  A wizard (D:14)
  13 ugly things
  4 orc knights
  An orc sorcerer (Orc:1)
  2 manticores
  Joseph (D:8)
  An eye of devastation (shapeshifter) (D:13)
  3 gargoyles
  A komodo dragon (Lair:1)
  2 spiny frogs
  A yaktaur (D:14)
  A tengu conjurer (D:14)
  A polar bear (Lair:2)
  A hornet (D:13)
  5 trolls
  A blink frog (shapeshifter) (D:13)
  10 blink frogs
  8 hippogriffs
  A shadow (D:12)
  5 yaks (D:10)
  2 wyverns
  2 wraiths
  A human (D:14)
  4 vampire mosquitoes (D:14)
  2 basilisks
  A warg (D:12)
  3 water moccasins (Lair:1)
  An acid dragon (D:11)
  3 porcupines
  13 orc warriors
  A black bear (D:10)
  An ice beast (D:9)
  A sky beast (D:13)
  10 ogres
  A phantom (D:10)
  11 centaurs
  6 crocodiles
  3 big kobolds
  8 bullfrogs
  A wyvern skeleton (D:11)
  3 scorpions
  A water moccasin skeleton (D:7)
  7 killer bees
  4 electric eels (D:10)
  8 wights
  7 howler monkeys
  7 crimson imps
  A bullfrog zombie (D:11)
  8 centaur zombies
  A lava snake (D:9)
  2 jellies
  3 gnoll shamans
  6 hounds
  11 orc priests
  A centaur skeleton (D:12)
  2 bullfrog skeletons
  16 orc wizards
  2 iguanas
  A hell rat (D:10)
  15 worker ants
  A worker ant zombie (D:9)
  14 gnolls
  8 adders
  6 shadow imps
  2 oozes (D:1)
  2 adder skeletons (D:6)
  An adder zombie (D:5)
  7 worms
  2 dart slugs
  3 leopard geckos
  51 orcs
  5 bats
  4 giant cockroaches
  11 goblins
  8 hobgoblins
  19 jackals
  6 quokkas
  6 frilled lizards
  28 kobolds
  A leopard gecko zombie (D:7)
  A quokka skeleton (D:5)
  A quokka zombie (D:9)
  8 rats
  3 fungi (D:9)
  2 plants (D:9)
468 creatures vanquished.

Vanquished Creatures (others)
  A jackal (D:10)
  A fungus (D:9)
  A plant (D:9)
3 creatures vanquished.

Grand Total: 471 creatures vanquished

Notes
Turn   | Place    | Note
-------+----------+-------------------------------------------
     0 | D:1      | Peloso the Minotaur Fighter began the quest for the Orb.
     0 | D:1      | Reached XP level 1. HP: 19/19 MP: 0/0
   166 | D:1      | Reached XP level 2. HP: 27/27 MP: 1/1
   365 | D:1      | Reached XP level 3. HP: 30/33 MP: 2/2
   709 | D:1      | Reached skill level 3 in Long Blades
  1360 | D:2      | Reached skill level 1 in Dodging
  1371 | D:2      | Reached XP level 4. HP: 31/40 MP: 3/3
  1565 | D:2      | Found a shadowy altar of Dithmenos.
  1834 | D:3      | Reached XP level 5. HP: 13/47 MP: 4/4
  1841 | D:3      | Reached skill level 5 in Shields
  2214 | D:3      | Reached skill level 5 in Armour
  2756 | D:3      | Reached skill level 4 in Long Blades
  2963 | D:4      | Reached XP level 6. HP: 52/53 MP: 5/5
  3288 | D:4      | Reached skill level 5 in Long Blades
  3689 | D:4      | Found a sacrificial altar of Ru.
  3816 | D:4      | Reached XP level 7. HP: 60/60 MP: 6/6
  4106 | D:5      | Entered Level 5 of the Dungeon
  4108 | D:5      | Got a pitted dagger
  4116 | D:5      | Identified the cursed +3 dagger "Jeosuiff" {freeze, *Noise
                  | rPois rF+ rC+} (You found it on level 5 of the Dungeon)
  4147 | D:5      | Reached skill level 5 in Fighting
  4160 | D:5      | Found a staircase to the Ecumenical Temple.
  4181 | Temple   | Entered the Ecumenical Temple
  4219 | Temple   | Became a worshipper of Warmaster Okawaru
  4323 | D:5      | Reached skill level 6 in Long Blades
  4365 | D:5      | Found a blossoming altar of Fedhas.
  4563 | D:5      | Found a basalt altar of Yredelemnul.
  4563 | D:5      | Found a shattered altar of Ashenzari.
  4917 | D:6      | Found the +3 robe of Folly {Archmagi, MR-- Int+5}
  4997 | D:6      | Reached * piety under Okawaru
  4997 | D:6      | Reached skill level 7 in Long Blades
  5208 | D:6      | Reached XP level 8. HP: 68/68 MP: 7/7
  5629 | D:7      | Reached skill level 8 in Long Blades
  5782 | D:7      | Found Higoeklo's Armour Shop.
  5810 | D:7      | Found a white marble altar of Elyvilon.
  6301 | D:8      | Found a sparkling altar of Nemelex Xobeh.
  6368 | D:8      | Reached skill level 9 in Long Blades
  6378 | D:8      | Found a bloodstained altar of Trog.
  6394 | D:8      | Reached ** piety under Okawaru
  6531 | D:8      | Reached XP level 9. HP: 78/78 MP: 8/8
  6562 | D:8      | Noticed Joseph
  6590 | D:8      | Killed Joseph
  6698 | D:8      | Found a runed gate.
  6698 | D:8      | Found a runed gate.
  6699 | D:8      | Found a runed gate.
  6701 | D:8      | Noticed DEFINITELYNOTMATTIAS's ghost (novice GrEE)
  6724 | D:8      | Noticed Maurice
  6886 | D:8      | Got a bloodstained lajatang
  7011 | D:8      | Found a viscous altar of Jiyva.
  7356 | D:9      | Reached skill level 10 in Long Blades
  7999 | D:9      | Reached *** piety under Okawaru
  8014 | D:9      | Reached skill level 11 in Long Blades
  8092 | D:9      | Reached XP level 10. HP: 86/86 MP: 9/9
  8107 | D:9      | Found a sacrificial altar of Ru.
  8107 | D:9      | Found a glowing silver altar of Zin.
  8112 | D:9      | Found a faded altar of an unknown god.
  8114 | D:9      | Found a glowing golden altar of the Shining One.
  8116 | D:9      | Found a snail-covered altar of Cheibriados.
  8213 | D:9      | Found an ancient bone altar of Kikubaaqudgha.
  8249 | D:9      | Found Otset's Weapon Emporium.
  8382 | D:9      | Reached **** piety under Okawaru
  8923 | D:10     | Entered Level 10 of the Dungeon
  9103 | D:10     | Noticed Sonja
  9480 | D:10     | Killed Sonja
  9480 | D:10     | Reached skill level 10 in Shields
  9508 | D:10     | Identified the Incunabulum of Lightness and Necromancy
  9753 | D:10     | Reached skill level 1 in Evocations
  9763 | D:10     | Reached skill level 12 in Long Blades
  9783 | D:10     | Identified the Almanac of the Louse
  9817 | D:10     | Reached ***** piety under Okawaru
 10461 | D:10     | Found Ekhavaux's General Store.
 10497 | D:10     | Reached XP level 11. HP: 87/97 MP: 10/10
 10615 | D:10     | Noticed a two-headed ogre
 10646 | D:10     | Killed a two-headed ogre
 10646 | D:10     | Reached skill level 1 in Invocations
 10877 | D:11     | Found Fufanek's Gadget Shop.
 10907 | D:11     | Noticed a red ugly thing
 10923 | D:11     | Killed a red ugly thing
 10923 | D:11     | Noticed a death yak
 10925 | D:11     | Noticed a death yak
 11000 | D:11     | Noticed a death yak
 11016 | D:10     | Killed a death yak
 11045 | D:10     | Killed a death yak
 11138 | D:10     | Killed a death yak
 11221 | D:11     | Found a staircase to the Lair.
 11280 | D:11     | Reached skill level 10 in Armour
 11322 | D:11     | Noticed a two-headed ogre
 11345 | D:10     | Killed a two-headed ogre
 11345 | D:10     | Reached skill level 10 in Fighting
 11345 | D:10     | Reached skill level 13 in Long Blades
 11531 | D:11     | Identified the +9 lajatang of Absolution {elec, +Inv Int+2
                  | Dex+6} (You found it on level 8 of the Dungeon)
 11967 | D:12     | Found a staircase to the Orcish Mines.
 11981 | D:12     | Received a gift from Okawaru
 12037 | D:12     | Got a pitted plate armour {god gift}
 12043 | D:12     | Identified the +1 plate armour of Pelolahich {Dex+6}
                  | (Okawaru gifted it to you on level 12 of the Dungeon)
 12727 | Lair:1   | Entered Level 1 of the Lair of Beasts
 12770 | Lair:1   | Found a labyrinth entrance.
 12793 | Lab      | Entered a labyrinth
 12899 | Lab      | Noticed a minotaur
 12919 | Lab      | Killed a minotaur
 12919 | Lab      | Reached XP level 12. HP: 39/107 MP: 10/12
 13297 | Lair:1   | Found an ornate altar of the Wu Jian Council.
 14136 | Lair:2   | Reached ****** piety under Okawaru
 14272 | Lair:2   | Noticed an eight-headed hydra
 14376 | D:13     | Reached skill level 14 in Long Blades
 14397 | D:13     | Noticed a centaur warrior
 14408 | D:13     | Killed a centaur warrior
 14538 | D:13     | Received a gift from Okawaru
 14655 | D:13     | Paralysed by a hornet for 3 turns
 15341 | Orc:1    | Entered Level 1 of the Orcish Mines
 15341 | Orc:1    | Noticed an ettin
 15358 | D:12     | Killed an ettin
 15472 | D:12     | Reached XP level 13. HP: 95/116 MP: 13/13
 15831 | D:12     | Received a gift from Okawaru
 15966 | D:14     | Found a runed gate.
 15967 | D:14     | Found a runed gate.
 15968 | D:14     | Found a runed gate.
 15968 | D:14     | Noticed bananovenc's ghost (journeyman GrFi)
 15973 | D:14     | Noticed a merfolk impaler
 16192 | D:14     | Reached skill level 15 in Long Blades
 16320 | D:14     | Received a gift from Okawaru
 16324 | D:14     | Got a pitted buckler {god gift}
 16331 | D:14     | Identified the +1 buckler "Kikuonki" {rElec Str-3 Int+6
                  | Slay+2} (Okawaru gifted it to you on level 14 of the
                  | Dungeon)
 16840 | D:14     | Got a warped great sword
 16841 | D:14     | Identified the +4 great sword "Utemm" {drain, Str+2 Int+10
                  | Dex-5} (You found it on level 14 of the Dungeon)
 16864 | D:14     | Found a gate to the Vaults.
 16998 | D:14     | Reached skill level 16 in Long Blades
 17181 | D:14     | Found Kuijan's Antique Armour Boutique.
 17284 | D:14     | Found an iron altar of Okawaru.
 17310 | D:14     | Killed bananovenc's ghost
 17315 | D:14     | Slain by a merfolk impaler

Skill      XL: |  1  2  3  4  5  6  7  8  9 10 11 12 13 |
---------------+----------------------------------------+-----
Fighting       | 4 5 6 7 9 10 11 12 | 12.8
Armour         | 4 5 6 7 9 11 12 | 12.9
Shields        | 4 5 6 7 9 10 12 13 14 | 14.4
Long Blades    | 3 4 5 7 9 11 12 13 14 16 | 16.3
Dodging        | 1 2 3 4 |  4.0
Evocations     | 1 |  1.5
Invocations    | 1 2 |  2.1
Stealth        | |  0.5

Action                   |  1- 3 |  4- 6 |  7- 9 | 10-12 | 13-15 || total
-------------------------+-------+-------+-------+-------+-------++-------
Melee: Long sword        |   120 |   185 |   458 |   453 |       ||  1216
       Headbutt          |    16 |    34 |    92 |   288 |    89 ||   519
       Falchion          |       |       |       |   452 |    75 ||   527
       Scimitar          |       |       |       |    54 |    39 ||    93
       Triple sword      |       |       |       |       |   147 ||   147
Invok: Heroism           |       |       |     2 |    13 |     5 ||    20
Evoke: Wand              |       |       |       |    16 |       ||    16
  Use: Scroll            |       |       |     6 |     8 |       ||    14
       Potion            |       |       |       |     2 |     3 ||     5
  Eat: Chunk             |       |     9 |    12 |    24 |     6 ||    51
       Ration            |       |       |     1 |       |       ||     1
Armor: Scale mail        |    29 |       |       |       |       ||    29
       Chain mail        |    39 |   104 |   173 |    85 |       ||   401
       Plate armour      |       |       |       |   279 |   222 ||   501
Dodge: Dodged            |    31 |    52 |    88 |   225 |   131 ||   527
Block: Shield            |    67 |    84 |   219 |   485 |    85 ||   940
       Buckler           |       |       |       |       |     5 ||     5
       Rpst.: Long sword |     7 |    12 |    21 |    30 |       ||    70
       Falchion          |       |       |       |    21 |     1 ||    22
       Scimitar          |       |       |       |     7 |     3 ||    10
       Triple sword      |       |       |       |       |    22 ||    22
